 Dungeon Crawl Stone Soup version 0.14-a0-1297-g3d87a2a (webtiles) character file.

155 PolkaDot the Ruinous (level 4, 0/30 HPs)
             Began as a Vampire Conjurer on Dec 4, 2013.
             Slain by Chiseanne's ghost (6 damage)
             ... on Level 3 of the Dungeon.
             The game lasted 00:06:44 (2014 turns).

PolkaDot the Ruinous (Vampire Conjurer)             Turns: 2014, Time: 00:06:44

HP   0/30        AC  3     Str  7      XL: 4   Next: 18%
MP   2/7         EV 12     Int 18      God:
Gold 75          SH  0     Dex 14      Spells:  2 memorised,  4 levels left

rFire  . . .     SeeInvis +     e - +1,+0 elf short sword
rCold  . . .     Clarity  .     a - +0 robe
rNeg   . . .     Conserve .     (no shield)
rPois  .         rCorr    .     (no helmet)
rElec  .         rRot     .     f - +0 cloak
SustAb . .       Spirit   .     (no gloves)
rMut   .         Warding  .     (no boots)
Saprov . . .     Stasis   .     (no amulet)
                                (no ring)
                                g - ring of flight

@: regenerating quickly, slightly resistant to hostile enchantments, stealthy
A: fangs 3, see invisible, unbreathing
a: Evoke Flight


You were on level 3 of the Dungeon.
You were full.

You visited 1 branch of the dungeon, and saw 3 of its levels.

You collected 75 gold pieces.

Inventory:

Hand weapons
 e - a +1,+0 elven short sword (weapon)
Armour
 a - a +0 robe (worn)
 f - a +0 cloak (worn)
Scrolls
 h - 2 scrolls of remove curse {unknown}
 i - a scroll of curse weapon {unknown}
 j - a scroll of curse armour {unknown}
 k - a scroll of identify {unknown}
Jewellery
 g - a ring of flight (left hand)
Books
 c - a book of Conjurations

   Spells                             Type                      Level
   *Magic Dart                        Conjuration                  1
   *Searing Ray                       Conjuration                  2
   Dazzling Spray                     Conjuration/Hexes            3
   Iskenderun's Mystic Blast          Conjuration                  4
   Iskenderun's Battlesphere          Conjuration/Charms           4
   Fulminant Prism                    Conjuration/Hexes            5


   Skills:
 + Level 2.4 Short Blades
 - Level 2.1 Dodging
 - Level 3.0 Stealth
 - Level 2.0 Spellcasting
 * Level 3.8 Conjurations


You had 4 spell levels left.
You knew the following spells:

 Your Spells              Type           Power        Failure   Level  Hunger
a - Magic Dart            Conj           ###.         4%          1    #......
s - Searing Ray           Conj           ###...       8%          2    ##.....


Dungeon Overview and Level Annotations

Branches:
Dungeon (3/16)

Altars:

Annotations:
D:2 Terence
D:3 Chiseanne's ghost, average DgAr


Innate Abilities, Weirdness & Mutations

Your natural rate of healing is unusually fast.
You have razor-sharp teeth.*
You have supernaturally acute eyesight.
You can survive without breathing.*


Message History

* * * LOW HITPOINT WARNING * * *
Drink which item? (? for menu, Esc to quit)
You feel better. Chiseanne's ghost hits you!
* * * LOW HITPOINT WARNING * * *
Chiseanne's ghost says, "Sure you are pointing that wand in the right direction?"
There is an open door here.
Chiseanne's ghost grins evilly.
Casting: Searing Ray
Confirm with . or Enter, or press ? or * to list all spells.
Aiming: Searing Ray
Press: ? - help, Shift-Dir - straight line, f/p - Chiseanne's ghost
Aim: Chiseanne's ghost (heavily damaged)
The searing ray hits Chiseanne's ghost.
Chiseanne's ghost is heavily damaged.
Chiseanne's ghost hits you!
* * * LOW HITPOINT WARNING * * *
The searing ray hits Chiseanne's ghost.
Chiseanne's ghost is severely damaged.
Chiseanne's ghost hits you.
You die...

#.####### #[# #.......##########
#.# #.......'.#......# #.#
##......#.#......#######.#
#......#.#...............
########.#.######....##.#
#......#.#.######........
#...##.#p#.#...##....#...
#...##.#@#.'...+.....#...
#....#.#.#.#...#######...
#....#.#.#.#...# #..#
#########....#.#.###...#######...
........'..>...........'.........
#####.###........###...#########'
..###.# #........'...### #...
......#####......###..)# #...
......+..........# #...# #...


You could see Chiseanne's ghost.

Vanquished Creatures
  Ijyb (D:2)
  An adder (D:3)
  A giant mite (D:2)
  5 giant cockroaches
  7 goblins
  6 hobgoblins (D:1)
  2 jackals (D:2)
  A quokka (D:2)
  A ball python (D:1)
  5 bats
  A giant gecko (D:1)
  3 giant newts
  6 kobolds
  6 rats
46 creatures vanquished.

Notes
Turn   | Place    | Note
--------------------------------------------------------------
     0 | D:1      | PolkaDot, the Vampire Conjurer, began the quest for the Orb.
     0 | D:1      | Reached XP level 1. HP: 13/13 MP: 3/3
    88 | D:1      | Reached skill level 1 in Short Blades
   210 | D:1      | Reached XP level 2. HP: 11/19 MP: 4/4
   435 | D:1      | Learned a level 2 spell: Searing Ray
  1292 | D:2      | Reached XP level 3. HP: 24/24 MP: 6/6
  1470 | D:2      | Noticed Ijyb
  1511 | D:2      | Killed Ijyb
  1563 | D:2      | Noticed Terence
  1577 | D:3      | Reached XP level 4. HP: 26/30 MP: 3/7
  1980 | D:3      | Noticed Chiseanne's ghost (average DgAr)
  2014 | D:3      | Slain by Chiseanne's ghost

Action                   |  1- 3 |  4- 6 || total
-------------------------+-------+-------++-------
Melee: Short sword       |   131 |    32 ||   163
       Dagger            |     7 |       ||     7
 Cast: Magic Dart        |     4 |       ||     4
       Searing Ray       |     5 |     2 ||     7
  Use: Potion            |     4 |     3 ||     7
 Stab: Sleeping          |     4 |       ||     4
       Distracted        |     1 |       ||     1
